Canadiens vs Sharks
Created - March 12, 2019 at 19:44
Goals
|
| Canadiens |
1 |
0 |
1 |
2 |
| Sharks |
0 |
0 |
0 |
0 |
|
Shots
|
| Canadiens |
15 |
7 |
12 |
34 |
| Sharks |
11 |
2 |
7 |
20 |
|
1st period
1. Canadiens , Jonathan Toews 21 (Scott Hartnell 13, Steve Downie 15) at 5:55
Penalties :
Nikolai Kulemin (SJS) for Hooking (Minor) at 8:15, Jonathan Toews (Mon) for Unsportsmanlike conduct (Minor) at 11:18, Ben Lovejoy (SJS) for High sticking (Minor) at 19:40
2nd period
No Goal
Penalties :
Ben Lovejoy (SJS) for High sticking (Double Minor) at 7:43, Nikolai Kulemin (SJS) for Roughing (Minor) at 17:40
3rd period
2. Canadiens , Scott Hartnell 17 (Jonathan Toews 36, Steve Downie 16) at 0:12
Penalties :
Jiri Tlusty (SJS) for Holding (Minor) at 4:15
Goalie Stats
Allen York (Mon), 20 saves from 20 shots - (1.000), W, 8-1-2, 60:00 minutes
Tyler Weiman (SJS), 32 saves from 34 shots - (0.941), L, 19-18-8, 60:00 minutes
Players Stats for Canadiens
Player Name G A P +/- PIM S H SB GA TA FO MP PP MP PK MP
------------------------------------------------------------------------------------
Alexander Frolov 0 0 0 0 0 3 2 1 0 0 0/0 17:35 3:29 1:13
Brett Maclean 0 0 0 0 0 1 0 0 0 0 0/0 10:02 1:03 0:00
Colton Parayko 0 0 0 0 0 0 1 1 0 2 0/0 22:29 4:36 0:57
David Jones 0 0 0 0 0 1 1 0 0 0 1/1 14:14 0:01 0:27
Dustin Boyd 0 0 0 0 0 3 1 0 0 0 2/5 15:02 0:01 1:13
Enver Lisin 0 0 0 0 0 5 1 1 1 0 0/0 11:21 1:23 0:00
Evgeny Dadonov 0 0 0 0 0 2 1 0 0 0 0/0 15:01 4:30 0:00
Frans Nielsen 0 0 0 0 0 0 0 1 0 0 1/3 16:10 4:58 0:46
Greg Stewart 0 0 0 0 0 3 1 0 0 0 0/0 16:52 5:59 0:19
Jonathan Toews 1 1 2 2 2 3 2 0 1 0 17/24 19:05 5:59 0:00
Marcel Goc 0 0 0 0 0 1 0 0 0 0 0/4 10:24 0:57 0:00
Mark Stuart 0 0 0 1 0 0 0 0 1 0 0/0 21:47 5:43 0:57
Raphael Diaz 0 0 0 1 0 0 0 0 2 1 0/0 22:37 6:00 0:00
Scott Hartnell 1 1 2 2 0 4 0 0 0 0 1/2 14:41 1:24 0:00
Shaone Morrisonn 0 0 0 1 0 0 0 0 0 0 0/0 15:37 1:19 1:02
Steve Downie 0 2 2 2 0 5 1 0 1 1 3/3 18:52 6:01 0:00
Vitaly Vishnevsky 0 0 0 0 0 3 0 0 0 0 0/0 21:00 4:53 0:00
Wes O'Neill 0 0 0 1 0 0 1 0 1 0 0/0 15:11 1:19 1:02
Players Stats for Sharks
Player Name G A P +/- PIM S H SB GA TA FO MP PP MP PK MP
------------------------------------------------------------------------------------
Adam Larsson 0 0 0 0 0 0 2 0 0 1 0/0 14:25 0:00 3:14
Andrej Sekera 0 0 0 0 0 0 1 1 1 0 0/0 22:13 0:42 5:19
Ben Lovejoy 0 0 0 -2 6 0 2 1 1 0 0/0 22:56 1:17 2:44
Drew Doughty 0 0 0 -2 0 3 0 2 0 0 0/0 25:42 1:17 6:20
Jason Spezza 0 0 0 -1 0 1 1 0 0 0 10/23 20:26 1:13 4:05
Jiri Hudler 0 0 0 -1 0 1 4 0 0 1 0/1 16:48 0:00 3:06
Jiri Tlusty 0 0 0 0 2 1 1 0 0 0 0/0 8:49 0:00 0:00
Jordan LaVallee 0 0 0 0 0 2 2 1 1 0 0/0 11:56 0:00 3:18
Luke Adam 0 0 0 -1 0 2 3 0 0 0 6/12 14:07 0:46 0:22
Maxim Afinogenov 0 0 0 -1 0 0 0 0 1 0 0/0 16:11 1:13 0:00
Maxim Kondratiev 0 0 0 0 0 1 0 0 0 1 0/0 12:51 0:00 1:25
Milan Michalek 0 0 0 -1 0 0 3 0 0 0 0/2 20:16 1:13 4:05
Nate Prosser 0 0 0 0 0 0 1 2 0 2 0/0 21:32 0:42 4:47
Nikolai Kulemin 0 0 0 -1 4 2 0 0 0 0 0/1 14:47 0:46 1:02
Oskar Osala 0 0 0 0 0 0 0 0 0 1 0/0 10:13 0:00 0:19
Rob Schremp 0 0 0 0 0 2 4 0 0 1 0/0 11:05 0:00 1:09
Stefan Ruzicka 0 0 0 0 0 1 1 2 0 0 0/0 11:56 0:00 3:16
T.J. Hensick 0 0 0 0 0 4 1 1 0 0 1/3 11:47 0:46 3:09
3 Stars
1 - Allen York (Mon)
2 - Scott Hartnell (Mon)
3 - Jonathan Toews (Mon)
Power Play
Canadiens - 0 on 6 Attempt(s) - 0.00%
Sharks - 0 on 1 Attempt(s) - 0.00%
Penalty Kill
Canadiens - 1 on 1 Attempt(s) - 100.00%
- Score 0 goal in Penalty Kill
Sharks - 6 on 6 Attempt(s) - 100.00%
- Score 0 goal in Penalty Kill
Team Stat
Canadiens - Hits : 12 - Faceoff Wins : 25 - Blocked Shots : 4 - Penalty Minutes : 2
Sharks - Hits : 26 - Faceoff Wins : 17 - Blocked Shots : 10 - Penalty Minutes : 12
Official
Referees : Unknown
Linesman : Unknown
Game Notes
No Game Note
Finance
Level 1 -- Attendance: 4473 (74.55%) -- Ticket Income $424,935
Level 2 -- Attendance: 3749 (74.98%) -- Ticket Income $243,685
Level 3 -- Attendance: 1245 (62.25%) -- Ticket Income $56,025
Level 4 -- Attendance: 4000 (100.00%) -- Ticket Income $100,000
Luxury Box -- Attendance: 775 (77.50%) -- Ticket Income $143,375
Game was played at the Hockey Place Center.
Total Attendance: 14242 (79.12%)
Total Ticket Income: $968,020
Other Income: $145,203
Total Income: $1,113,223
Canadiens
5 vs 5 Forward
Center Left Wing Right Wing Time % Phy DF OF
1 Jonathan Toews Scott Hartnell Steve Downie 40 0 1 4
2 Frans Nielsen Greg Stewart Evgeny Dadonov 30 0 1 4
3 Dustin Boyd Alexander Frolov David Jones 20 0 2 3
4 Marcel Goc Brett Maclean Enver Lisin 10 0 3 2
5 vs 5 Defense
Defense Defense Time % Phy DF OF
1 Mark Stuart Raphael Diaz 40 0 2 3
2 Vitaly Vishnevsky Colton Parayko 30 0 2 3
3 Wes O'Neill Shaone Morrisonn 20 0 3 2
4 Colton Parayko Raphael Diaz 10 0 3 2
PowerPlay Forward
Center Left Wing Right Wing Time % Phy DF OF
1 Jonathan Toews Greg Stewart Steve Downie 60 0 0 5
2 Frans Nielsen Alexander Frolov Evgeny Dadonov 40 0 0 5
PowerPlay Defense
Defense Defense Time % Phy DF OF
1 Raphael Diaz Vitaly Vishnevsky 60 0 1 4
2 Colton Parayko Mark Stuart 40 0 1 4
Penalty Kill 4 Players Forward
Center Wing Time % Phy DF OF
1 Dustin Boyd Alexander Frolov 60 0 5 0
2 Frans Nielsen David Jones 40 0 5 0
Penalty Kill 4 Players Defense
Defense Defense Time % Phy DF OF
1 Shaone Morrisonn Wes O'Neill 60 1 4 0
2 Colton Parayko Mark Stuart 40 1 4 0
Penalty Kill - 3 Players Forward
Forward Time % Phy DF OF
1 Dustin Boyd 60 0 5 0
2 Marcel Goc 40 0 5 0
Penalty Kill - 3 Players Defense
Defense Defense Time % Phy DF OF
1 Shaone Morrisonn Vitaly Vishnevsky 60 0 5 0
2 Mark Stuart Wes O'Neill 40 0 5 0
4 vs 4 Forward
Center Wing Time % Phy DF OF
1 Jonathan Toews Greg Stewart 60 0 2 3
2 Frans Nielsen Alexander Frolov 40 0 2 3
4 vs 4 Defense
Defense Defense Time % Phy DF OF
1 Vitaly Vishnevsky Mark Stuart 60 0 2 3
2 Colton Parayko Raphael Diaz 40 0 2 3
Last Minutes Offensive
Center Left Wing Right Wing Defense Defense
Jonathan Toews Greg Stewart Steve Downie Vitaly Vishnevsky Raphael Diaz
Last Minutes Defensive
Center Left Wing Right Wing Defense Defense
Frans Nielsen Alexander Frolov David Jones Shaone Morrisonn Colton Parayko
Goaltenders
Starting : Allen York
Backup : Henrik Lundqvist
Extra Forwards
Normal : Jonathan Toews, Frans Nielsen, Greg Stewart - PP : Jonathan Toews, Frans Nielsen - PK : Alexander Frolov
Extra Defensemen
Normal : Vitaly Vishnevsky, Raphael Diaz, Shaone Morrisonn - PP : Vitaly Vishnevsky - PK : Mark Stuart, Colton Parayko
Penalty Shots
Jonathan Toews, Frans Nielsen, Greg Stewart, Alexander Frolov, Steve Downie
Scratches
Adam Pardy (Broken Bone (Right Leg) Injury), Dustin Kohn (Healthy)
Sharks
5 vs 5 Forward
Center Left Wing Right Wing Time % Phy DF OF
1 Jason Spezza Milan Michalek Maxim Afinogenov 40 1 1 3
2 Luke Adam Nikolai Kulemin Jiri Hudler 30 1 2 2
3 Rob Schremp Oskar Osala Jiri Tlusty 20 1 2 2
4 T.J. Hensick Jordan LaVallee Stefan Ruzicka 10 1 2 2
5 vs 5 Defense
Defense Defense Time % Phy DF OF
1 Drew Doughty Ben Lovejoy 40 1 2 2
2 Andrej Sekera Nate Prosser 30 1 2 2
3 Maxim Kondratiev Adam Larsson 20 1 2 2
4 Drew Doughty Ben Lovejoy 10 1 2 2
PowerPlay Forward
Center Left Wing Right Wing Time % Phy DF OF
1 Jason Spezza Milan Michalek Maxim Afinogenov 60 1 1 3
2 T.J. Hensick Nikolai Kulemin Luke Adam 40 1 1 3
PowerPlay Defense
Defense Defense Time % Phy DF OF
1 Drew Doughty Ben Lovejoy 60 1 2 2
2 Andrej Sekera Nate Prosser 40 1 2 2
Penalty Kill 4 Players Forward
Center Wing Time % Phy DF OF
1 Jason Spezza Milan Michalek 60 1 4 0
2 T.J. Hensick Jiri Hudler 40 1 4 0
Penalty Kill 4 Players Defense
Defense Defense Time % Phy DF OF
1 Drew Doughty Andrej Sekera 60 1 4 0
2 Ben Lovejoy Nate Prosser 40 1 4 0
Penalty Kill - 3 Players Forward
Forward Time % Phy DF OF
1 Rob Schremp 60 1 4 0
2 Milan Michalek 40 1 4 0
Penalty Kill - 3 Players Defense
Defense Defense Time % Phy DF OF
1 Drew Doughty Andrej Sekera 60 1 4 0
2 Ben Lovejoy Nate Prosser 40 1 4 0
4 vs 4 Forward
Center Wing Time % Phy DF OF
1 Jason Spezza Milan Michalek 60 1 2 2
2 Luke Adam T.J. Hensick 40 1 2 2
4 vs 4 Defense
Defense Defense Time % Phy DF OF
1 Drew Doughty Andrej Sekera 60 1 2 2
2 Ben Lovejoy Nate Prosser 40 1 2 2
Last Minutes Offensive
Center Left Wing Right Wing Defense Defense
Jason Spezza Milan Michalek Maxim Afinogenov Drew Doughty Ben Lovejoy
Last Minutes Defensive
Center Left Wing Right Wing Defense Defense
Jason Spezza Milan Michalek Maxim Afinogenov Drew Doughty Andrej Sekera
Goaltenders
Starting : Tyler Weiman
Backup : Brent Krahn
Extra Forwards
Normal : Oskar Osala, Rob Schremp, Stefan Ruzicka - PP : Oskar Osala, Rob Schremp - PK : Stefan Ruzicka
Extra Defensemen
Normal : Maxim Kondratiev, Adam Larsson, Nate Prosser - PP : Maxim Kondratiev - PK : Adam Larsson, Maxim Kondratiev
Penalty Shots
Jason Spezza, Milan Michalek, Luke Adam, T.J. Hensick, Jiri Hudler
Scratches
Darren Helm (Healthy), Mark Giordano (Healthy), Bobby Butler (Healthy), Andrew MacDonald (Separated Left Shoulder Injury), Brendon Nash (Healthy)
Zach Boychuk (Healthy)
% Time on Ice - Canadiens
Lines # - Real PCT - Wanted PCT - Time Play
Normal Forward
1 - 31% - 40% - 14:12
2 - 26% - 30% - 11:47
3 - 25% - 20% - 11:45
4 - 18% - 10% - 8:22
Normal Defense
1 - 37% - 40% - 17:00
2 - 34% - 30% - 15:43
3 - 27% - 20% - 12:40
4 - 2% - 10% - 0:43
PP Forward
1 - 70% - 60% - 8:22
2 - 30% - 40% - 3:33
PP Defense
1 - 63% - 60% - 7:30
2 - 37% - 40% - 4:25
PK Forward
1 - 77% - 60% - 1:32
2 - 23% - 40% - 0:27
PK Defense
1 - 52% - 60% - 1:02
2 - 48% - 40% - 0:57
PK3 Forward
1 - 0% - 60%
2 - 0% - 40%
PK3 Defense
1 - 0% - 60%
2 - 0% - 40%
44 Forward
1 - 0% - 60%
2 - 0% - 40%
44 Defense
1 - 0% - 60%
2 - 0% - 40%
Last Minute Offensive - 0:00
Last Minute Defensive - 0:00
Total
Forward - 60:00
Defense - 60:00
|
% Time on Ice - Sharks
Lines # - Real PCT - Wanted PCT - Time Play
Normal Forward
1 - 34% - 40% - 15:50
2 - 31% - 30% - 14:08
3 - 19% - 20% - 8:48
4 - 16% - 10% - 7:20
Normal Defense
1 - 41% - 40% - 18:44
2 - 35% - 30% - 16:19
3 - 21% - 20% - 9:47
4 - 3% - 10% - 1:16
PP Forward
1 - 61% - 60% - 1:13
2 - 39% - 40% - 0:46
PP Defense
1 - 65% - 60% - 1:17
2 - 35% - 40% - 0:42
PK Forward
1 - 61% - 60% - 7:13
2 - 39% - 40% - 4:42
PK Defense
1 - 50% - 60% - 5:56
2 - 50% - 40% - 5:59
PK3 Forward
1 - 0% - 60%
2 - 0% - 40%
PK3 Defense
1 - 0% - 60%
2 - 0% - 40%
44 Forward
1 - 0% - 60%
2 - 0% - 40%
44 Defense
1 - 0% - 60%
2 - 0% - 40%
Last Minute Offensive - 0:00
Last Minute Defensive - 0:00
Total
Forward - 60:00
Defense - 60:00
|
Play-by-Play
1st period
0:01 of 1st period - Jason Spezza wins face-off versus Scott Hartnell in neutral zone.
0:09 of 1st period - Ben Lovejoy is hit by Jonathan Toews and loses puck.
1:01 of 1st period - Snap shot by Stefan Ruzicka.
1:01 of 1st period - Stopped by Allen York with a rebound.
1:45 of 1st period - Wrist shot by Evgeny Dadonov.
1:45 of 1st period - Stopped by Tyler Weiman with a rebound.
1:54 of 1st period - Off-side.
1:55 of 1st period - Jason Spezza wins face-off versus Jonathan Toews in neutral zone.
2:11 of 1st period - Off-side.
2:12 of 1st period - Luke Adam wins face-off versus Dustin Boyd in neutral zone.
3:07 of 1st period - Shaone Morrisonn is hit by Andrej Sekera and loses puck.
3:50 of 1st period - Wrist shot by Luke Adam.
3:50 of 1st period - Stopped by Allen York without a rebound.
3:51 of 1st period - Jonathan Toews wins face-off versus Jason Spezza in Canadiens zone.
3:51 of 1st period - Jonathan Toews is hit by Ben Lovejoy.
3:59 of 1st period - Snap shot by Vitaly Vishnevsky.
3:59 of 1st period - Stopped by Tyler Weiman with a rebound.
4:17 of 1st period - Colton Parayko is hit by Jiri Hudler.
4:47 of 1st period - Snap shot by Dustin Boyd.
4:47 of 1st period - Stopped by Tyler Weiman with a rebound.
4:49 of 1st period - Slapshot by Alexander Frolov.
4:49 of 1st period - Stopped by Tyler Weiman with a rebound.
4:59 of 1st period - Adam Larsson is hit by Jonathan Toews and loses puck.
5:04 of 1st period - Snap shot by Jonathan Toews.
5:04 of 1st period - Shot Blocked by Stefan Ruzicka.
5:39 of 1st period - Snap shot by Luke Adam.
5:39 of 1st period - Shot Misses the Net.
5:41 of 1st period - Slapshot by Adam Larsson.
5:41 of 1st period - Deflect By Nikolai Kulemin.
5:41 of 1st period - Stopped by Allen York with a rebound.
5:43 of 1st period - Slapshot by Maxim Kondratiev.
5:43 of 1st period - Stopped by Allen York without a rebound.
5:44 of 1st period - Jonathan Toews wins face-off versus Jiri Hudler in Canadiens zone.
5:53 of 1st period - Snap shot by Steve Downie.
5:53 of 1st period - Shot Misses the Net.
5:55 of 1st period - Wrist shot by Scott Hartnell.
5:55 of 1st period - Deflect By Jonathan Toews.
5:55 of 1st period - Goal by Jonathan Toews - Canadiens : 1 - Sharks : 0.
5:56 of 1st period - Jonathan Toews wins face-off versus Jason Spezza in neutral zone.
6:09 of 1st period - Slapshot by Jonathan Toews.
6:09 of 1st period - Deflect By Ben Lovejoy.
6:09 of 1st period - Shot Misses the Net.
6:09 of 1st period - Puck is out of play.
6:10 of 1st period - Frans Nielsen wins face-off versus Jason Spezza in Sharks zone.
6:45 of 1st period - Wrist shot by Steve Downie.
6:45 of 1st period - Stopped by Tyler Weiman with a rebound.
6:59 of 1st period - Slapshot by Dustin Boyd.
6:59 of 1st period - Shot Blocked by Ben Lovejoy.
7:19 of 1st period - Oskar Osala is hit by Colton Parayko and loses puck.
7:24 of 1st period - Snap shot by Enver Lisin.
7:24 of 1st period - Stopped by Tyler Weiman without a rebound.
7:25 of 1st period - Jason Spezza wins face-off versus Marcel Goc in Sharks zone.
7:25 of 1st period - Jason Spezza is hit by Wes O'Neill.
7:31 of 1st period - Snap shot by Enver Lisin.
7:31 of 1st period - Stopped by Tyler Weiman without a rebound.
7:32 of 1st period - Jonathan Toews wins face-off versus Jason Spezza in Sharks zone.
7:33 of 1st period - Wrist shot by Steve Downie.
7:33 of 1st period - Stopped by Tyler Weiman with a rebound.
7:41 of 1st period - Scott Hartnell is hit by Milan Michalek and loses puck.
8:08 of 1st period - Backhand shot by Evgeny Dadonov.
8:08 of 1st period - Stopped by Tyler Weiman without a rebound.
8:09 of 1st period - Jonathan Toews wins face-off versus Luke Adam in Sharks zone.
8:15 of 1st period - Minor Penalty to Nikolai Kulemin for Hooking.
8:16 of 1st period - Jonathan Toews wins face-off versus Milan Michalek in Sharks zone.
10:15 of 1st period - Penalty to Nikolai Kulemin is over, Nikolai Kulemin is back on ice.
10:30 of 1st period - Slapshot by Jiri Tlusty.
10:30 of 1st period - Stopped by Allen York without a rebound.
10:31 of 1st period - Luke Adam wins face-off versus Marcel Goc in Canadiens zone.
10:44 of 1st period - Snap shot by Jiri Hudler.
10:44 of 1st period - Stopped by Allen York with a rebound.
10:46 of 1st period - Slapshot by Maxim Kondratiev.
10:46 of 1st period - Shot Blocked by Enver Lisin.
10:48 of 1st period - Wrist shot by Luke Adam.
10:48 of 1st period - Stopped by Allen York with a rebound.
11:18 of 1st period - Minor Penalty to Jonathan Toews for Unsportsmanlike conduct.
11:19 of 1st period - Jason Spezza wins face-off versus Dustin Boyd in Canadiens zone.
11:28 of 1st period - Slapshot by Drew Doughty.
11:28 of 1st period - Deflect By Dustin Boyd.
11:28 of 1st period - Stopped by Allen York with a rebound.
11:30 of 1st period - Slapshot by Drew Doughty.
11:30 of 1st period - Deflect By Jason Spezza.
11:30 of 1st period - Shot Blocked by Colton Parayko.
11:30 of 1st period - Puck is out of play.
11:31 of 1st period - Dustin Boyd wins face-off versus Jason Spezza in Canadiens zone.
11:31 of 1st period - Dustin Boyd is hit by Ben Lovejoy.
12:07 of 1st period - Wrist shot by T.J. Hensick.
12:07 of 1st period - Stopped by Allen York with a rebound.
13:04 of 1st period - Icing by Ben Lovejoy.
13:05 of 1st period - Jason Spezza wins face-off versus Dustin Boyd in Sharks zone.
13:18 of 1st period - Penalty to Jonathan Toews is over, Jonathan Toews is back on ice.
13:35 of 1st period - Colton Parayko is hit by Jiri Tlusty and loses puck.
13:50 of 1st period - Backhand shot by Marcel Goc.
13:50 of 1st period - Shot Blocked by T.J. Hensick.
13:56 of 1st period - Slapshot by Enver Lisin.
13:56 of 1st period - Stopped by Tyler Weiman with a rebound.
13:58 of 1st period - Slapshot by Enver Lisin.
13:58 of 1st period - Shot Blocked by Stefan Ruzicka.
14:43 of 1st period - Wrist shot by Rob Schremp.
14:43 of 1st period - Deflect By Oskar Osala.
14:43 of 1st period - Shot Misses the Net.
14:43 of 1st period - Puck is out of play.
14:44 of 1st period - Jonathan Toews wins face-off versus Nikolai Kulemin in Canadiens zone.
15:09 of 1st period - Frans Nielsen is hit by Adam Larsson and loses puck.
15:54 of 1st period - Wrist shot by Drew Doughty.
15:54 of 1st period - Shot Misses the Net.
16:42 of 1st period - Slapshot by Jason Spezza.
16:42 of 1st period - Stopped by Allen York without a rebound.
16:43 of 1st period - Luke Adam wins face-off versus Jonathan Toews in Canadiens zone.
16:44 of 1st period - Snap shot by Nikolai Kulemin.
16:44 of 1st period - Stopped by Allen York without a rebound.
16:45 of 1st period - Scott Hartnell wins face-off versus Luke Adam in Canadiens zone.
16:54 of 1st period - Snap shot by Steve Downie.
16:54 of 1st period - Shot Misses the Net.
16:56 of 1st period - Slapshot by Jonathan Toews.
16:56 of 1st period - Shot Misses the Net.
16:58 of 1st period - Slapshot by Vitaly Vishnevsky.
16:58 of 1st period - Stopped by Tyler Weiman without a rebound.
16:59 of 1st period - Jason Spezza wins face-off versus Jonathan Toews in Sharks zone.
17:06 of 1st period - Jonathan Toews is hit by Milan Michalek and loses puck.
17:25 of 1st period - Frans Nielsen is hit by Nate Prosser and loses puck.
18:12 of 1st period - Slapshot by Jonathan Toews.
18:12 of 1st period - Deflect By Steve Downie.
18:12 of 1st period - Stopped by Tyler Weiman without a rebound.
18:13 of 1st period - Jonathan Toews wins face-off versus T.J. Hensick in Sharks zone.
18:14 of 1st period - Wrist shot by Steve Downie.
18:14 of 1st period - Shot Misses the Net.
18:40 of 1st period - Greg Stewart is hit by Jason Spezza and loses puck.
19:01 of 1st period - Snap shot by Dustin Boyd.
19:01 of 1st period - Stopped by Tyler Weiman without a rebound.
19:02 of 1st period - David Jones wins face-off versus Luke Adam in Sharks zone.
19:31 of 1st period - Slapshot by Steve Downie.
19:31 of 1st period - Shot Misses the Net.
19:33 of 1st period - Wrist shot by Jonathan Toews.
19:33 of 1st period - Shot Blocked by Andrej Sekera.
19:35 of 1st period - Snap shot by Scott Hartnell.
19:35 of 1st period - Stopped by Tyler Weiman without a rebound.
19:36 of 1st period - Jonathan Toews wins face-off versus Jason Spezza in Sharks zone.
19:40 of 1st period - Minor Penalty to Ben Lovejoy for High sticking.
19:41 of 1st period - Jason Spezza wins face-off versus Jonathan Toews in Sharks zone.
Goals for this period are 1 for Canadiens vs 0 for Sharks.
Shots for this period are 15 for Canadiens vs 11 for Sharks.
2nd period
0:01 of 2nd period - Jonathan Toews wins face-off versus Jason Spezza in neutral zone.
0:14 of 2nd period - Snap shot by Greg Stewart.
0:14 of 2nd period - Shot Blocked by Drew Doughty.
0:46 of 2nd period - Snap shot by Greg Stewart.
0:46 of 2nd period - Stopped by Tyler Weiman with a rebound.
1:36 of 2nd period - Milan Michalek is hit by Alexander Frolov and loses puck.
1:40 of 2nd period - Penalty to Ben Lovejoy is over, Ben Lovejoy is back on ice.
1:57 of 2nd period - Snap shot by Enver Lisin.
1:57 of 2nd period - Stopped by Tyler Weiman with a rebound.
2:07 of 2nd period - Wrist shot by Rob Schremp.
2:07 of 2nd period - Stopped by Allen York without a rebound.
2:08 of 2nd period - Dustin Boyd wins face-off versus Luke Adam in Canadiens zone.
2:08 of 2nd period - Dustin Boyd is hit by Luke Adam.
2:44 of 2nd period - Dustin Boyd is hit by Rob Schremp and loses puck.
3:19 of 2nd period - Snap shot by Dustin Boyd.
3:19 of 2nd period - Shot Blocked by Drew Doughty.
3:27 of 2nd period - Snap shot by Maxim Afinogenov.
3:27 of 2nd period - Shot Misses the Net.
3:57 of 2nd period - Wrist shot by David Jones.
3:57 of 2nd period - Stopped by Tyler Weiman with a rebound.
6:21 of 2nd period - Snap shot by Dustin Boyd.
6:21 of 2nd period - Deflect By Alexander Frolov.
6:21 of 2nd period - Shot Misses the Net.
6:21 of 2nd period - Puck is out of play.
6:22 of 2nd period - Jonathan Toews wins face-off versus Luke Adam in Sharks zone.
6:37 of 2nd period - Snap shot by Steve Downie.
6:37 of 2nd period - Stopped by Tyler Weiman with a rebound.
7:43 of 2nd period - Double Minor Penalty to Ben Lovejoy for High sticking.
7:44 of 2nd period - T.J. Hensick wins face-off versus Jonathan Toews in Sharks zone.
7:53 of 2nd period - Slapshot by Greg Stewart.
7:53 of 2nd period - Stopped by Tyler Weiman with a rebound.
7:55 of 2nd period - Wrist shot by Greg Stewart.
7:55 of 2nd period - Stopped by Tyler Weiman with a rebound.
8:39 of 2nd period - Maxim Kondratiev is hit by Enver Lisin and loses puck.
11:43 of 2nd period - Penalty to Ben Lovejoy is over, Ben Lovejoy is back on ice.
13:57 of 2nd period - Icing by Marcel Goc.
13:58 of 2nd period - Steve Downie wins face-off versus T.J. Hensick in Canadiens zone.
14:03 of 2nd period - Evgeny Dadonov is hit by T.J. Hensick and loses puck.
14:14 of 2nd period - Scott Hartnell is hit by Rob Schremp and loses puck.
14:19 of 2nd period - Wrist shot by Jiri Tlusty.
14:19 of 2nd period - Shot Misses the Net.
14:37 of 2nd period - Dustin Boyd is hit by Luke Adam and loses puck.
15:10 of 2nd period - Snap shot by Jordan LaVallee.
15:10 of 2nd period - Stopped by Allen York without a rebound.
15:11 of 2nd period - Jonathan Toews wins face-off versus Luke Adam in Canadiens zone.
15:11 of 2nd period - Jonathan Toews is hit by Adam Larsson.
15:21 of 2nd period - Scott Hartnell is hit by Luke Adam and loses puck.
16:58 of 2nd period - Backhand shot by Steve Downie.
16:58 of 2nd period - Stopped by Tyler Weiman without a rebound.
16:59 of 2nd period - Jason Spezza wins face-off versus Jonathan Toews in Sharks zone.
17:28 of 2nd period - Slapshot by Evgeny Dadonov.
17:28 of 2nd period - Shot Misses the Net.
17:40 of 2nd period - Minor Penalty to Nikolai Kulemin for Roughing.
17:41 of 2nd period - Jonathan Toews wins face-off versus Jason Spezza in Sharks zone.
19:40 of 2nd period - Penalty to Nikolai Kulemin is over, Nikolai Kulemin is back on ice.
19:46 of 2nd period - Backhand shot by Jiri Tlusty.
19:46 of 2nd period - Shot Blocked by Frans Nielsen.
Goals for this period are 0 for Canadiens vs 0 for Sharks.
Shots for this period are 7 for Canadiens vs 2 for Sharks.
3rd period
0:01 of 3rd period - Jason Spezza wins face-off versus Jonathan Toews in neutral zone.
0:04 of 3rd period - Slapshot by Drew Doughty.
0:04 of 3rd period - Stopped by Allen York without a rebound.
0:05 of 3rd period - Steve Downie wins face-off versus Milan Michalek in Canadiens zone.
0:12 of 3rd period - Snap shot by Jonathan Toews.
0:12 of 3rd period - Deflect By Scott Hartnell.
0:12 of 3rd period - Goal by Scott Hartnell - Canadiens : 2 - Sharks : 0.
0:13 of 3rd period - Steve Downie wins face-off versus Jason Spezza in neutral zone.
0:24 of 3rd period - Backhand shot by Scott Hartnell.
0:24 of 3rd period - Stopped by Tyler Weiman without a rebound.
0:25 of 3rd period - Jonathan Toews wins face-off versus Jason Spezza in Sharks zone.
0:38 of 3rd period - Snap shot by Jonathan Toews.
0:38 of 3rd period - Stopped by Tyler Weiman with a rebound.
0:40 of 3rd period - Snap shot by Scott Hartnell.
0:40 of 3rd period - Stopped by Tyler Weiman without a rebound.
0:41 of 3rd period - Luke Adam wins face-off versus Frans Nielsen in Sharks zone.
0:52 of 3rd period - Backhand shot by Nikolai Kulemin.
0:52 of 3rd period - Shot Misses the Net.
1:17 of 3rd period - Slapshot by Vitaly Vishnevsky.
1:17 of 3rd period - Stopped by Tyler Weiman with a rebound.
1:31 of 3rd period - Slapshot by Marcel Goc.
1:31 of 3rd period - Stopped by Tyler Weiman with a rebound.
1:41 of 3rd period - Wrist shot by Rob Schremp.
1:41 of 3rd period - Shot Misses the Net.
1:44 of 3rd period - Icing by Enver Lisin.
1:45 of 3rd period - Luke Adam wins face-off versus Marcel Goc in Canadiens zone.
2:49 of 3rd period - Wrist shot by Enver Lisin.
2:49 of 3rd period - Stopped by Tyler Weiman with a rebound.
3:19 of 3rd period - Slapshot by Enver Lisin.
3:19 of 3rd period - Shot Blocked by Nate Prosser.
3:27 of 3rd period - Snap shot by Brett Maclean.
3:27 of 3rd period - Shot Misses the Net.
3:29 of 3rd period - Slapshot by Brett Maclean.
3:29 of 3rd period - Stopped by Tyler Weiman without a rebound.
3:30 of 3rd period - Jonathan Toews wins face-off versus Jason Spezza in Sharks zone.
3:55 of 3rd period - Evgeny Dadonov is hit by Rob Schremp and loses puck.
4:08 of 3rd period - Rob Schremp is hit by Greg Stewart and loses puck.
4:15 of 3rd period - Minor Penalty to Jiri Tlusty for Holding.
4:16 of 3rd period - Jonathan Toews wins face-off versus Jason Spezza in Sharks zone.
5:29 of 3rd period - Snap shot by T.J. Hensick.
5:29 of 3rd period - Shot Blocked by Alexander Frolov.
5:51 of 3rd period - Mark Stuart is hit by Jordan LaVallee and loses puck.
6:15 of 3rd period - Penalty to Jiri Tlusty is over, Jiri Tlusty is back on ice.
6:41 of 3rd period - David Jones is hit by Jiri Hudler and loses puck.
7:16 of 3rd period - Andrej Sekera is hit by Alexander Frolov and loses puck.
7:23 of 3rd period - David Jones is hit by Jordan LaVallee and loses puck.
7:46 of 3rd period - Slapshot by Jordan LaVallee.
7:46 of 3rd period - Stopped by Allen York with a rebound.
7:48 of 3rd period - Slapshot by T.J. Hensick.
7:48 of 3rd period - Stopped by Allen York with a rebound.
7:54 of 3rd period - Wrist shot by T.J. Hensick.
7:54 of 3rd period - Stopped by Allen York with a rebound.
7:56 of 3rd period - Wrist shot by Stefan Ruzicka.
7:56 of 3rd period - Shot Misses the Net.
8:22 of 3rd period - Colton Parayko is hit by Stefan Ruzicka and loses puck.
8:29 of 3rd period - Slapshot by T.J. Hensick.
8:29 of 3rd period - Stopped by Allen York with a rebound.
8:31 of 3rd period - Wrist shot by Stefan Ruzicka.
8:31 of 3rd period - Shot Misses the Net.
8:51 of 3rd period - Wrist shot by Dustin Boyd.
8:51 of 3rd period - Shot Blocked by Jordan LaVallee.
8:53 of 3rd period - Wrist shot by David Jones.
8:53 of 3rd period - Shot Misses the Net.
8:55 of 3rd period - Slapshot by Colton Parayko.
8:55 of 3rd period - Shot Misses the Net.
8:57 of 3rd period - Snap shot by Dustin Boyd.
8:57 of 3rd period - Stopped by Tyler Weiman with a rebound.
9:23 of 3rd period - Wrist shot by Alexander Frolov.
9:23 of 3rd period - Stopped by Tyler Weiman with a rebound.
9:25 of 3rd period - Snap shot by Dustin Boyd.
9:25 of 3rd period - Shot Misses the Net.
10:03 of 3rd period - Wrist shot by David Jones.
10:03 of 3rd period - Shot Blocked by Nate Prosser.
10:05 of 3rd period - Backhand shot by Alexander Frolov.
10:05 of 3rd period - Stopped by Tyler Weiman without a rebound.
10:06 of 3rd period - Jonathan Toews wins face-off versus Jason Spezza in Sharks zone.
10:13 of 3rd period - Wrist shot by Jonathan Toews.
10:13 of 3rd period - Stopped by Tyler Weiman with a rebound.
10:23 of 3rd period - Off-side.
10:24 of 3rd period - Luke Adam wins face-off versus Frans Nielsen in neutral zone.
10:38 of 3rd period - Wrist shot by Drew Doughty.
10:38 of 3rd period - Stopped by Allen York with a rebound.
10:50 of 3rd period - Scott Hartnell is hit by Milan Michalek and loses puck.
11:19 of 3rd period - Enver Lisin is hit by Rob Schremp and loses puck.
11:54 of 3rd period - Snap shot by Drew Doughty.
11:54 of 3rd period - Shot Misses the Net.
13:07 of 3rd period - Rob Schremp is hit by Evgeny Dadonov and loses puck.
13:22 of 3rd period - Greg Stewart is hit by Jiri Hudler and loses puck.
13:51 of 3rd period - Icing by Mark Stuart.
13:52 of 3rd period - Jason Spezza wins face-off versus Marcel Goc in Canadiens zone.
13:55 of 3rd period - Wrist shot by Rob Schremp.
13:55 of 3rd period - Stopped by Allen York with a rebound.
16:37 of 3rd period - Colton Parayko is hit by Jiri Hudler.
16:59 of 3rd period - Ben Lovejoy is hit by Dustin Boyd and loses puck.
18:21 of 3rd period - Jiri Hudler is hit by David Jones and loses puck.
18:54 of 3rd period - Milan Michalek is hit by Steve Downie and loses puck.
Goals for this period are 1 for Canadiens vs 0 for Sharks.
Shots for this period are 12 for Canadiens vs 7 for Sharks.
Back to the Top